 Dungeon Crawl Stone Soup version 0.31-a0-542-gdc2a67831c (webtiles) character file.

Game seed: 12117414652034375915

263406 zazu2006 the Swashbuckler (level 20, 0/160 HPs)
             Began as a Gnoll Wanderer on Aug 14, 2023.
             Was the Champion of Vehumet.
             Slain by a vault guard
             ... wielding a +0 war axe
             ... led by a vault warden
              (33 damage)
             ... on level 2 of the Vaults on Aug 15, 2023.
             The game lasted 02:50:56 (45075 turns).

zazu2006 the Swashbuckler (Gnoll Wanderer)         Turns: 45075, Time: 02:50:57

Health: 0/160      AC: 15    Str: 13    XL:     20   Next: 2%
Magic:  12/37      EV: 25    Int: 15    God:    Vehumet [******]
Gold:   2246       SH: 13    Dex: 24    Spells: 5/46 levels left

rFire   + + .        N - +4 scimitar (flame)
rCold   . . .        q - +2 buckler
rNeg    . . .        C - +3 leather armour {rF+}
rPois   +            R - +2 hat {Int+3}
rElec   .            z - +0 cloak
rCorr   .            (no gloves)
SInv    .            a - +0 pair of boots {Stlth+}
Will    ++...        W - amulet of regeneration
Stlth   +++++++      I - ring of Ugratuen {rPois rF+ Will+ Dex+5}
HPRegen 1.26/turn    B - ring of the Octopus King {Wiz HP+2 AC+2 EV+2 SH+2}
MPRegen 0.25/turn

%: wizardry (x1)
@: very slightly contaminated, studying Ranged Weapons
A: fangs 1, strong nose, distributed training, agile 1, dopey 1
}: 2/15 runes: decaying, serpentine
a: Renounce Religion


You were on level 2 of the Vaults.
You worshipped Vehumet.
Vehumet was exalted by your worship.
You visited 7 branches of the dungeon, and saw 33 of its levels.
You visited 1 bazaar.
You also visited: Gauntlet and Ice Cave.

You collected 4321 gold pieces.
You spent 2075 gold pieces at shops.

Inventory:

Hand Weapons
 s - the +6 dagger of Sin {flame, Str+2 Int+4}
   (You took it off a goblin on level 3 of the Dungeon)

   Str+2:     It affects your strength (+2).
   Int+4:     It affects your intelligence (+4).
 N - a +4 scimitar of flaming (weapon)
Missiles
 r - a throwing net
Armour
 a - a +0 pair of boots of stealth (worn)
 q - a +2 buckler (worn)
 z - a +0 cloak (worn)
 C - a +3 leather armour of fire resistance (worn)
 R - a +2 hat of intelligence (worn)
Jewellery
 b - the ring of Xom's Whimsicality {rC- Will+ MP+9 SInv}
   (You found it in a Gauntlet)

   [ring of willpower]

   rC-:       It makes you vulnerable to cold.
   Will+:     It increases your willpower.
   MP+9:      It affects your magic capacity (+9).
   SInv:      It lets you see invisible.
 d - a +5 ring of evasion
 l - a ring of ice
 y - the ring of Naotoxun {Drain MP+9 Int+5}
   (You found it on level 5 of the Lair of Beasts)

   [ring of magical power]

   Int+5:     It affects your intelligence (+5).
   MP+9:      It affects your magic capacity (+9).
   Drain:     It drains your maximum health when unequipped.
 B - a ring of the Octopus King (right hand) {Wiz HP+2 AC+2 EV+2 SH+2}
   (You bought it in a shop in a bazaar)

   [ring of wizardry]

   Wiz:       It improves your spell success rate.
   AC+2:      It affects your AC (+2).
   EV+2:      It affects your evasion (+2).
   HP+2:      It affects your health (+2).
   SH+2:      It affects your SH (+2).
 F - the ring of Puphu {rPois rC+}
   (You found it in an ice cave)

   [ring of protection from cold]

   rC+:       It protects you from cold.
   rPois:     It protects you from poison
 G - a ring of protection from cold
 I - the ring of Ugratuen (left hand) {rPois rF+ Will+ Dex+5}
   (You bought it in a shop in a bazaar)

   [ring of poison resistance]

   Dex+5:     It affects your dexterity (+5).
   rF+:       It protects you from fire.
   rPois:     It protects you from poison Will+: It increases your willpower.
 M - a ring of flight
 O - a +5 ring of evasion
 W - an amulet of regeneration (around neck)
Wands
 m - a wand of paralysis (7)
 A - a wand of roots (7)
 H - a wand of flame (57)
 L - a wand of polymorph (6)
 P - a wand of digging (4)
 Y - a wand of acid (11)
Scrolls
 c - 4 scrolls of noise
 e - 2 scrolls of butterflies
 i - a scroll of identify
 k - 6 scrolls of teleportation
 n - 9 scrolls of fear
 p - 2 scrolls of poison
 w - 6 scrolls of revelation
 x - 3 scrolls of enchant weapon
 E - 6 scrolls of fog
 Q - a scroll of enchant armour
Potions
 f - a potion of cancellation
 g - a potion of heal wounds
 h - 6 potions of mutation
 j - 4 potions of might
 o - 7 potions of curing
 t - 2 potions of magic
 v - 10 potions of haste
 D - a potion of ambrosia
 J - a potion of enlightenment
 K - 3 potions of attraction
 S - 4 potions of lignification
 T - 5 potions of brilliance
 V - a potion of berserk rage
Miscellaneous
 u - a phantom mirror


   Skills:
 + Level 13.9 Fighting
 + Level 15.8 Short Blades
 + Level 13.7 Long Blades
 + Level 13.7 Axes
 + Level 15.0 Maces & Flails
 + Level 13.7 Polearms
 + Level 13.7 Staves
 + Level 13.9 Ranged Weapons
 + Level 13.7 Throwing
 + Level 13.9 Armour
 + Level 13.9 Dodging
 + Level 13.7 Stealth
 + Level 13.7 Shields
 + Level 13.7 Unarmed Combat
 + Level 13.7 Spellcasting
 + Level 11.6 Conjurations
 + Level 11.6 Hexes
 + Level 11.6 Summonings
 + Level 11.6 Necromancy
 + Level 11.6 Translocations
 + Level 11.6 Transmutations
 + Level 11.6 Fire Magic
 + Level 11.6 Ice Magic
 + Level 11.6 Air Magic
 + Level 11.6 Earth Magic
 + Level 11.6 Poison Magic
 + Level 14.8 Invocations
 + Level 13.7 Evocations
 + Level 11.6 Shapeshifting


You had 5 spell levels left.
You knew the following spells:

 Your Spells              Type           Power      Damage    Failure   Level
a - Sandblast             Erth           90%        2d19      1%          1
b - Mephitic Cloud        Conj/Pois/Air  45%        N/A       1%          3
c - Iskenderun's Mystic   Conj/Tloc      45%        2d10      1%          4
d - Olgreb's Toxic Radia  Pois           45%        N/A       1%          4
e - Irradiate             Conj/Tmut      22%        3d19      1%          5
f - Lee's Rapid Deconstr  Erth           22%        3d13*     1%          5
g - Blink                 Tloc           90%        N/A       1%          2
h - Freezing Cloud        Conj/Ice/Air   22%        6-21      1%          5
i - Fireball              Conj/Fire      22%        3d10      1%          5
j - Ozocubu's Refrigerat  Ice            22%        4d12      8%          7

Your spell library contained the following spells:

 Spells                   Type           Power      Damage    Failure   Level
 Chain Lightning          Conj/Air       22%        3d30      99%         9
 Polar Vortex             Ice            22%        12d3*     99%         9
 Shatter                  Erth           22%        3d20*     99%         9
 Apportation              Tloc           90%        N/A       1%          1
 Foxfire                  Conj/Fire      100%       2x1d9     1%          1
 Freeze                   Ice            100%       1d10      1%          1
 Kiss of Death            Conj/Necr      100%       2d13      1%          1
 Necrotise                Necr           100%       1d9       1%          1
 Shock                    Conj/Air       100%       1d9       1%          1
 Summon Small Mammal      Summ           100%       N/A       1%          1
 Lesser Beckoning         Tloc           90%        N/A       1%          2
 Scorch                   Fire           90%        2d8       1%          2
 Static Discharge         Conj/Air       90%        2-6/arc   1%          2
 Wereblood                Tmut           45%        N/A       1%          2
 Call Canine Familiar     Summ           45%        N/A       1%          3
 Confusing Touch          Hex            45%        N/A       1%          3
 Frozen Ramparts          Ice            90%        1d14      1%          3
 Gell's Gravitas          Tloc           45%        N/A       1%          3
 Hailstorm                Conj/Ice       45%        3d10      1%          3
 Ozocubu's Armour         Ice            45%        N/A       1%          3
 Portal Projectile        Hex/Tloc       90%        N/A       1%          3
 Summon Guardian Golem    Hex/Summ       45%        N/A       1%          3
 Swiftness                Air            45%        N/A       1%          3
 Teleport Other           Tloc           45%        N/A       1%          3
 Tukima's Dance           Hex            45%        N/A       1%          3
 Vampiric Draining        Necr           45%        2d9       1%          3
 Airstrike                Air            22%        2d(4-20)  1%          4
 Cause Fear               Hex            22%        N/A       1%          4
 Dispel Undead            Necr           45%        3d17      1%          4
 Flame Wave               Conj/Fire      45%        2d12      1%          4
 Manifold Assault         Tloc           45%        N/A       1%          4
 Summon Ice Beast         Ice/Summ       45%        N/A       1%          4
 Summon Lightning Spire   Summ/Air       45%        N/A       1%          4
 Agony                    Necr           45%        N/A       1%          5
 Alistair's Intoxication  Tmut/Pois      30%        N/A       1%          5
 Summon Forest            Summ/Tloc      22%        N/A       1%          5
 Summon Mana Viper        Hex/Summ       45%        N/A       1%          5
 Plasma Beam              Fire/Air       22%        2x1d34    1%          6
 Starburst                Conj/Fire      22%        6d8       1%          6
 Dispersal                Tloc           22%        N/A       4%          6
 Summon Cactus Giant      Summ           22%        N/A       4%          6
 Ignition                 Fire           22%        3d8       43%         8
 Discord                  Hex            22%        N/A       88%         8
 Disjunction              Tloc           22%        N/A       88%         8
 Dragon's Call            Summ           22%        N/A       100%        9


Dungeon Overview and Level Annotations

Branches:
Dungeon (15/15)            Temple (1/1) D:7            Lair (5/5) D:9
  Swamp (4/4) Lair:3        Snake (4/4) Lair:3        Slime (0/5) Lair:5
    Orc (2/2) D:9             Elf (0/3) Orc:2        Vaults (2/5) D:14
 Depths (0/4) D:15          IceCv (visited)         Gauntlet (visited)
  Crypt: Vaults:2-3

Altars:
Ashenzari
Cheibriados
Dithmenos
Elyvilon
Fedhas
Gozag
Hepliaklqana
Kikubaaqudgha
Makhleb
Nemelex Xobeh
Okawaru
Qazlal
Ru
Sif Muna
Trog
Uskayaw
Vehumet
Wu Jian
Xom
Yredelemnul
The Shining One

Shops:
D:6 *   Orc:2 [([(   Vaults:1 :

Annotations:
Orc:1 3 runed translucent doors, LobsterGuardian's ghost, journeyman MeFi


Innate Abilities, Weirdness & Mutations

You have very sharp teeth.
Your uncanny sense of smell can sniff out nearby items.
Your experience applies equally to all skills.
You are agile. (Dex +4, Str/Int -1)
You are dopey. (Int -2)


Message History

You bite the vault warden, but do no damage.
The vault warden is severely wounded.
You block the vault guard's attack.
The ironbound convoker begins to recite a word of recall!
Casting: Ozocubu's Refrigeration (dangerous; 8% risk of failure)
Confirm with . or Enter, or press ? or * to list all spells.
You miscast Ozocubu's Refrigeration.
Nothing appears to happen.
You block the vault guard's attack.
The vault warden hits you with a +2 heavy long sword!!!
Unknown command.
Unknown command.
Unknown command.
Casting: Ozocubu's Refrigeration (dangerous; 8% risk of failure)
Confirm with . or Enter, or press ? or * to list all spells.
The heat is drained from your surroundings.
The vault warden is almost dead.
You kill the ironbound convoker!
Vehumet accepts your kill.
You feel your power returning.
The vault guard is severely wounded.
You block the vault guard's attack.
The vault warden hits you with a +2 heavy long sword!!!
* * * LOW HITPOINT WARNING * * *
Unknown command.
Unknown command.
You feel much better.
The runic seals fade away.
The vault guard hits you with a +0 war axe!!
* * * LOW HITPOINT WARNING * * *
You feel much better. The vault guard closely misses you.
The vault warden misses you.
You slash the vault warden! You burn the vault warden.
You kill the vault warden!
Vehumet accepts your kill.
The runic seal fades away.
The vault guard misses you.
Unknown command.
You slash the vault guard! You burn the vault guard.
You bite the vault guard, but do no damage.
The vault guard is severely wounded.
The vault guard hits you with a +0 war axe!!
You die...

................#
...............
.........Y.....
####+#######
#..........#
#..).......#
#....<.....#
#..)p......#
#..@.......#
+..........#
#..........#
############


You could see a vault guard (strong, very poisoned).

Vanquished Creatures
  the Lernaean hydra (Swamp:4)
  Rupert (Lair:3)
  Gastronok (Lair:2)
  2 thorn hunters
  A storm dragon (D:13)
  7 nagarajas
  3 fenstrider witches
  A frost giant (Orc:1)
  5 vault wardens
  2 orc warlords (Orc:2)
  5 very ugly things (Vaults:1)
  3 ironbound preservers (Vaults:1)
  2 formless jellyfish (Vaults:1)
  An ironbound thunderhulk (Vaults:1)
  3 eleionomae
  Nessos (Lair:3)
  A white draconian (IceCv)
  3 bunyips (Swamp:1)
  8 dire elephants
  A spark wasp (shapeshifter) (D:13)
  A minotaur (Gauntlet)
  Snorg (D:12)
  2 ettins
  2 salamander tyrants (Snake:4)
  3 yaktaur captains
  4 vault guards (D:14)
  33 hydras
  5 ogre magi
  An ironbound frostheart (Vaults:1)
  Erolcha (D:12)
  An ice dragon (D:15)
  A ghost crab (Swamp:2)
  3 alligator snapping turtles (Snake:3)
  6 boulder beetles
  4 anacondas
  A death knight (D:15)
  13 naga warriors
  A catoblepas (Lair:5)
  Erica (D:9)
  2 centaur warriors
  3 death yaks (Lair:5)
  7 two-headed ogres
  16 alligators
  A titan zombie (Orc:1)
  10 shock serpents
  Urug (Lair:4)
  5 orc high priests (Orc:2)
  Sonja (Orc:2)
  12 naga sharpshooters
  A soul eater (Gauntlet)
  Nergalle (D:10)
  A deep elf knight (Snake:4)
  A fire crab (shapeshifter) (Vaults:1)
  Amaemon (Lair:3)
  A skyshark (Lair:5)
  11 deep trolls
  7 salamander mystics
  6 goliath frogs
  3 sea snakes (Snake:3)
  7 spriggan druids
  5 naga ritualists
  10 swamp dragons
  An ironbound convoker (Vaults:2)
  9 orc knights (Orc:2)
  A wolf spider (D:15)
  7 bog bodies
  3 necromancers
  A harpy (Vaults:1)
  A deep elf archer (Snake:4)
  4 deep elf pyromancers
  8 mana vipers
  2 mana vipers (shapeshifter)
  5 lindwurms
  A will-o-the-wisp (Swamp:4)
  8 ugly things
  4 orc sorcerers (Orc:2)
  A stone giant zombie (Orc:1)
  4 manticores
  17 cyclopes
  An apocalypse crab (Gauntlet)
  16 salamanders
  12 elephants
  17 naga magi
  Joseph (D:10)
  2 ice statues (IceCv)
  6 guardian serpents
  31 black mambas
  A rust devil (Gauntlet)
  2 torpor snails
  9 vault sentinels (Vaults:1)
  A gargoyle (D:12)
  An orange demon (Lair:2)
  7 cane toads
  An unseen horror (D:12)
  Maggie (D:7)
  2 kobold demonologists
  10 komodo dragons
  5 yaktaurs (Vaults:1)
  8 rime drakes
  A tengu conjurer (D:15)
  6 trolls
  2 polar bears (Vaults:1)
  8 hornets
  2 bloated husks (Swamp:4)
  8 tyrant leeches
  3 meliai (Gauntlet)
  6 blink frogs
  2 dream sheep (Lair:5)
  A raiju (Snake:4)
  4 snapping turtles (Snake:3)
  24 slime creatures
  Sigmund (D:2)
  3 shadows
  7 spriggans
  49 yaks
  3 vampires
  A spriggan (shapeshifter) (D:15)
  5 wraiths
  3 wyverns
  A ynoxinul (Gauntlet)
  6 humans (D:14)
  A steam dragon (D:7)
  8 basilisks
  27 vampire mosquitoes
  13 swamp worms
  2 acid dragons
  8 wargs
  44 nagas
  6 water moccasins
  A glowing shapeshifter skeleton (Vaults:1)
  55 orc warriors
  3 sky beasts
  2 black bears
  8 ogres
  6 swamp drakes
  An ice beast (Vaults:1)
  6 centaurs
  20 wolves
  2 phantoms
  22 kobold brigands
  10 bullfrogs
  2 scorpions
  A gnoll sergeant (D:5)
  15 wights (D:8)
  2 lindwurm simulacra (IceCv)
  10 killer bees
  An electric eel (Lair:5)
  3 howler monkeys
  3 hounds
  6 komodo dragon simulacra (IceCv)
  2 iron imps (Gauntlet)
  5 jellies
  28 orc priests
  2 iguanas (D:5)
  21 orc wizards
  15 hell rats
  12 gnolls
  6 acid dragon simulacra (IceCv)
  9 adders
  3 shadow imps (Gauntlet)
  An ufetubus (D:5)
  7 steam dragon simulacra (IceCv)
  2 dart slugs
  81 orcs
  3 ball pythons
  4 endoplasms
  5 giant cockroaches
  9 goblins
  9 hobgoblins
  6 jackals
  5 quokkas
  3 bats
  2 frilled lizards (D:2)
  18 kobolds
  3 rats
1155 creatures vanquished.

Vanquished Creatures (others)
  2 dire elephants (Snake:4)
  A vault guard (D:14)
  A human (D:3)
  2 foxfires (Swamp:4)
6 creatures vanquished.

Grand Total: 1161 creatures vanquished

Notes
Turn   | Place    | Note
-------+----------+-------------------------------------------
     0 | D:1      | zazu2006 the Gnoll Wanderer began the quest for the Orb.
     0 | D:1      | zazu2006 set off with the following items: a +2 short
                  | sword, a +0 mace, a +0 ring mail, a potion of heal wounds.
     0 | D:1      | Reached XP level 1. HP: 17/17 MP: 1/1
   314 | D:1      | Found a faded altar of an unknown god.
   320 | D:1      | Reached XP level 2. HP: 23/23 MP: 2/2
   956 | D:2      | Reached XP level 3. HP: 28/28 MP: 3/3
   966 | D:2      | Reached skill level 1 in Invocations
  1122 | D:2      | Reached skill level 1 in Long Blades
  1122 | D:2      | Reached skill level 1 in Axes
  1122 | D:2      | Reached skill level 1 in Polearms
  1122 | D:2      | Reached skill level 1 in Staves
  1122 | D:2      | Reached skill level 1 in Ranged Weapons
  1122 | D:2      | Reached skill level 1 in Throwing
  1122 | D:2      | Reached skill level 1 in Stealth
  1122 | D:2      | Reached skill level 1 in Shields
  1122 | D:2      | Reached skill level 1 in Unarmed Combat
  1122 | D:2      | Reached skill level 1 in Spellcasting
  1122 | D:2      | Reached skill level 1 in Evocations
  1241 | D:2      | Noticed Sigmund
  1293 | D:1      | Reached XP level 4. HP: 25/34 MP: 5/5
  1346 | D:2      | Killed Sigmund
  1347 | D:2      | Reached skill level 1 in Conjurations
  1347 | D:2      | Reached skill level 1 in Hexes
  1347 | D:2      | Reached skill level 1 in Summonings
  1347 | D:2      | Reached skill level 1 in Necromancy
  1347 | D:2      | Reached skill level 1 in Translocations
  1347 | D:2      | Reached skill level 1 in Transmutations
  1347 | D:2      | Reached skill level 1 in Fire Magic
  1347 | D:2      | Reached skill level 1 in Ice Magic
  1347 | D:2      | Reached skill level 1 in Air Magic
  1347 | D:2      | Reached skill level 1 in Earth Magic
  1347 | D:2      | Reached skill level 1 in Poison Magic
  1347 | D:2      | Reached skill level 1 in Shapeshifting
  1347 | D:2      | Reached XP level 5. HP: 32/41 MP: 5/7
  1640 | D:3      | Identified the +6 dagger of Sin {flame, Str+2 Int+4}
  1697 | D:3      | Reached XP level 6. HP: 47/47 MP: 8/8
  2209 | D:3      | Found an ancient bone altar of Kikubaaqudgha.
  2210 | D:3      | Noticed a human
  2213 | D:3      | Killed a human
  2743 | D:4      | Found a radiant altar of Vehumet.
  3054 | D:4      | Found a sacrificial altar of Ru.
  3462 | D:4      | Became a worshipper of Vehumet
  3472 | D:5      | Entered Level 5 of the Dungeon
  3520 | D:5      | Found a shadowy altar of Dithmenos.
  3529 | D:5      | Found a snail-covered altar of Cheibriados.
  3625 | D:5      | Reached XP level 7. HP: 44/52 MP: 10/10
  4262 | D:6      | Noticed a wraith
  4310 | D:5      | Upgraded the game from 0.31-a0-538-gbc85326fa9 to
                  | 0.31-a0-542-gdc2a67831c
  4394 | D:4      | Gained mutation: You sometimes lose your temper in combat.
                  | [potion of mutation]
  4394 | D:4      | Gained mutation: You passively dampen the noise of your
                  | surroundings. [potion of mutation]
  4394 | D:4      | Gained mutation: You expend magic power (3 MP) to
                  | strengthen your wands. [potion of mutation]
  4406 | D:4      | Killed a wraith
  4407 | D:4      | Reached XP level 8. HP: 53/60 MP: 12/12
  4439 | D:4      | Lost mutation: You sometimes lose your temper in combat.
                  | [potion of mutation]
  4439 | D:4      | Lost mutation: You expend magic power (3 MP) to strengthen
                  | your wands. [potion of mutation]
  4439 | D:4      | Lost mutation: You passively dampen the noise of your
                  | surroundings. [potion of mutation]
  4439 | D:4      | Gained mutation: Your spells are a little easier to cast,
                  | but a little less powerful. [potion of mutation]
  4439 | D:4      | Gained mutation: You have a pair of small antennae on your
                  | head. [potion of mutation]
  4440 | D:4      | Lost mutation: Your spells are a little easier to cast, but
                  | a little less powerful. [potion of mutation]
  4440 | D:4      | Lost mutation: You have a pair of small antennae on your
                  | head. [potion of mutation]
  4440 | D:4      | Gained mutation: Potions are less effective at restoring
                  | your health. [potion of mutation]
  4440 | D:4      | Gained mutation: You have a pair of small antennae on your
                  | head. [potion of mutation]
  4440 | D:4      | Gained mutation: You are partially covered in iridescent
                  | scales. (AC +2) [potion of mutation]
  4441 | D:4      | Lost mutation: Potions are less effective at restoring your
                  | health. [potion of mutation]
  4441 | D:4      | Lost mutation: You are partially covered in iridescent
                  | scales. (AC +2) [potion of mutation]
  4441 | D:4      | Lost mutation: You have a pair of small antennae on your
                  | head. [potion of mutation]
  4441 | D:4      | Gained mutation: You are agile. (Dex +4, Str/Int -1)
                  | [potion of mutation]
  4602 | D:6      | Identified the +3 short sword "Edodghid" {vamp, Dex+3
                  | Stlth+}
  4817 | D:5      | Reached * piety under Vehumet
  4817 | D:5      | Offered knowledge of Sandblast by Vehumet.
  4820 | D:5      | Learned a level 1 spell: Sandblast
  5193 | D:6      | Found an ornate altar of the Wu Jian Council.
  5376 | D:6      | Found Roeddi's CLEARANCE SALE!.
  5384 | D:6      | Bought a +3 leather armour of fire resistance for 120 gold
                  | pieces
  5416 | D:6      | Found an iron altar of Okawaru.
  5762 | D:7      | Reached XP level 9. HP: 48/66 MP: 14/14
  6050 | D:7      | Noticed Maggie
  6067 | D:7      | Killed Maggie
  6097 | D:7      | Identified the +1 chain mail of the Sacrificial Victim {rF+
                  | Int+3}
  6127 | D:7      | Reached skill level 5 in Fighting
  6127 | D:7      | Reached skill level 5 in Armour
  6127 | D:7      | Reached skill level 5 in Dodging
  6147 | D:7      | Found a blossoming altar of Fedhas.
  6358 | D:7      | Found a glowing golden altar of the Shining One.
  6587 | D:7      | Found a staircase to the Ecumenical Temple.
  6612 | D:7      | Found a shimmering blue altar of Sif Muna.
  6640 | Temple   | Entered the Ecumenical Temple
  6813 | D:8      | Noticed a hornet
  6821 | D:8      | Killed a hornet
  6822 | D:8      | Reached skill level 5 in Invocations
  6885 | D:8      | Found a stormy altar of Qazlal.
  7366 | D:8      | Reached XP level 10. HP: 33/75 MP: 17/17
  7580 | D:8      | Reached skill level 5 in Long Blades
  7580 | D:8      | Reached skill level 5 in Axes
  7580 | D:8      | Reached skill level 5 in Polearms
  7580 | D:8      | Reached skill level 5 in Staves
  7580 | D:8      | Reached skill level 5 in Ranged Weapons
  7580 | D:8      | Reached skill level 5 in Throwing
  7580 | D:8      | Reached skill level 5 in Stealth
  7580 | D:8      | Reached skill level 5 in Shields
  7580 | D:8      | Reached skill level 5 in Unarmed Combat
  7580 | D:8      | Reached skill level 5 in Spellcasting
  7580 | D:8      | Reached skill level 5 in Evocations
  7660 | D:8      | Reached ** piety under Vehumet
  7660 | D:8      | Offered knowledge of Kiss of Death by Vehumet.
  7669 | D:8      | Reached skill level 10 in Short Blades
  8845 | D:9      | Noticed a two-headed ogre
  8848 | D:9      | Killed a two-headed ogre
  8984 | D:9      | Found a hazy altar of Hepliaklqana.
  9171 | D:9      | Noticed Erica
  9197 | D:9      | Killed Erica
  9332 | D:9      | Found a bloodstained altar of Trog.
  9452 | D:9      | Found a staircase to the Orcish Mines.
  9540 | D:9      | Found a staircase to the Lair.
  9712 | D:10     | Entered Level 10 of the Dungeon
 10052 | D:10     | Offered knowledge of Scorch by Vehumet.
 10053 | D:10     | Reached XP level 11. HP: 27/83 MP: 19/19
 10279 | D:10     | Reached skill level 5 in Conjurations
 10279 | D:10     | Reached skill level 5 in Hexes
 10279 | D:10     | Reached skill level 5 in Summonings
 10279 | D:10     | Reached skill level 5 in Necromancy
 10279 | D:10     | Reached skill level 5 in Translocations
 10279 | D:10     | Reached skill level 5 in Transmutations
 10279 | D:10     | Reached skill level 5 in Fire Magic
 10279 | D:10     | Reached skill level 5 in Ice Magic
 10279 | D:10     | Reached skill level 5 in Air Magic
 10279 | D:10     | Reached skill level 5 in Earth Magic
 10279 | D:10     | Reached skill level 5 in Poison Magic
 10279 | D:10     | Reached skill level 5 in Shapeshifting
 10842 | D:10     | Reached *** piety under Vehumet
 11534 | D:10     | Offered knowledge of Flame Wave by Vehumet.
 11698 | D:10     | Noticed Joseph
 11728 | D:10     | Killed Joseph
 12296 | Orc:1    | Entered Level 1 of the Orcish Mines
 12299 | Orc:1    | Noticed a cyclops
 12342 | Lair:1   | Entered Level 1 of the Lair of Beasts
 12975 | D:11     | Noticed a boulder beetle
 13108 | D:11     | Learned a level 5 spell: Fireball
 13113 | D:11     | Learned a level 4 spell: Iskenderun's Mystic Blast
 13498 | D:11     | Noticed Nergalle
 13607 | D:10     | Killed Nergalle
 13607 | D:10     | Reached **** piety under Vehumet
 13712 | D:11     | Killed a boulder beetle
 13713 | D:11     | Reached XP level 12. HP: 62/91 MP: 22/22
 15689 | D:12     | Noticed Erolcha
 15693 | D:12     | Noticed Snorg
 15703 | D:12     | Killed Erolcha
 16171 | D:12     | Reached skill level 10 in Maces & Flails
 16342 | D:12     | Killed Snorg
 17045 | Lair:1   | Found the +7 Kryia's mail coat {PotionHeal*2 rC+}
 17146 | Lair:1   | Offered knowledge of Olgreb's Toxic Radiance by Vehumet.
 17176 | Lair:1   | Learned a level 4 spell: Olgreb's Toxic Radiance
 18335 | Lair:2   | Noticed Gastronok
 18373 | Lair:2   | Killed Gastronok
 18374 | Lair:2   | Reached XP level 13. HP: 51/99 MP: 19/25
 18753 | Lair:3   | Noticed Amaemon
 18911 | Lair:3   | Killed Amaemon
 19046 | Lair:3   | Noticed Nessos
 19105 | Lair:3   | Killed Nessos
 19301 | Lair:3   | Found a staircase to the Swamp.
 19312 | Lair:3   | Noticed Rupert
 19476 | Lair:2   | Reached ***** piety under Vehumet
 19476 | Lair:2   | Offered knowledge of Plasma Beam by Vehumet.
 19885 | Lair:3   | Found a staircase to the Snake Pit.
 20669 | Orc:1    | Noticed a frost giant
 20669 | Orc:1    | Noticed an ettin
 20686 | Orc:1    | Killed an ettin
 20687 | Orc:1    | Reached XP level 14. HP: 63/108 MP: 22/27
 20690 | Orc:1    | Killed a frost giant
 20755 | Orc:1    | Identified the +0 mace of Ocyecut {heavy, rC+ Will+ Dex+3
                  | Stlth-}
 20759 | Orc:1    | Identified the +7 arbalest of Cowardice {heavy, rC+ Str-2
                  | Int+3 Dex+3}
 20761 | Orc:1    | Identified the +10 shortbow of Comes {drain, rPois rN+++
                  | Int-3 Dex+6}
 21501 | Orc:1    | Reached skill level 10 in Invocations
 21604 | Orc:1    | Found a runed translucent gate.
 21604 | Orc:1    | Found a runed translucent gate.
 21606 | Orc:1    | Found a runed translucent gate.
 21607 | Orc:1    | Noticed LobsterGuardian's ghost (journeyman MeFi)
 22052 | Orc:1    | Found an iron altar of Okawaru.
 22094 | Orc:2    | Entered Level 2 of the Orcish Mines
 22150 | Orc:2    | Noticed Sonja
 22165 | Orc:2    | Killed Sonja
 22225 | Orc:2    | Found a frozen archway.
 22234 | IceCv    | Entered an ice cave
 22262 | IceCv    | Learned a level 5 spell: Irradiate
 22577 | IceCv    | Offered knowledge of Arcjolt by Vehumet.
 22738 | IceCv    | Noticed a white draconian
 22766 | IceCv    | Killed a white draconian
 22808 | IceCv    | Identified the ring of Puphu {rPois rC+}
 22842 | IceCv    | Identified the ring "Nulad" {rPois Str+6 Int+5 Dex-3
                  | Slay-3}
 22994 | Orc:2    | Noticed an orc warlord
 23031 | Orc:2    | Killed an orc warlord
 23423 | Orc:2    | Noticed an orc warlord
 23440 | Orc:2    | Killed an orc warlord
 23622 | Orc:2    | Reached skill level 10 in Fighting
 23622 | Orc:2    | Reached skill level 10 in Armour
 23622 | Orc:2    | Reached skill level 10 in Dodging
 23624 | Orc:2    | Paralysed by an orc sorcerer for 3 turns
 23997 | Orc:2    | Found a staircase to the Elven Halls.
 24472 | Orc:2    | Offered knowledge of Lee's Rapid Deconstruction by Vehumet.
 24791 | Orc:2    | Reached XP level 15. HP: 61/112 MP: 17/28
 24948 | Orc:2    | Found Umuako's Weapon Shop.
 24948 | Orc:2    | Found Xascheduf's Antique Armour Shop.
 24949 | Orc:2    | Found Sipulul's Antique Weapon Shop.
 24949 | Orc:2    | Found Hedakh's Antique Armour Boutique.
 24960 | Orc:2    | Bought a pair of glowing boots for 225 gold pieces
 25248 | Lair:3   | Killed Rupert
 25249 | Lair:3   | Reached skill level 10 in Long Blades
 25249 | Lair:3   | Reached skill level 10 in Axes
 25249 | Lair:3   | Reached skill level 10 in Polearms
 25249 | Lair:3   | Reached skill level 10 in Staves
 25249 | Lair:3   | Reached skill level 10 in Ranged Weapons
 25249 | Lair:3   | Reached skill level 10 in Throwing
 25249 | Lair:3   | Reached skill level 10 in Stealth
 25249 | Lair:3   | Reached skill level 10 in Shields
 25249 | Lair:3   | Reached skill level 10 in Unarmed Combat
 25249 | Lair:3   | Reached skill level 10 in Spellcasting
 25249 | Lair:3   | Reached skill level 10 in Evocations
 25594 | Lair:4   | Learned a level 5 spell: Lee's Rapid Deconstruction
 25686 | Lair:4   | Found a gate leading to a gauntlet.
 25716 | Gauntlet | Entered a Gauntlet
 25716 | Gauntlet | Found a transporter.
 25748 | Gauntlet | Found a transporter.
 25751 | Gauntlet | Found a transporter.
 25752 | Gauntlet | Found a transporter.
 25760 | Gauntlet | Found a transporter.
 25763 | Gauntlet | Found a transporter.
 25764 | Gauntlet | Found a transporter.
 25773 | Gauntlet | Found a transporter.
 25776 | Gauntlet | Found a transporter.
 25777 | Gauntlet | Found a transporter.
 25785 | Gauntlet | Found a transporter.
 25788 | Gauntlet | Found a transporter.
 25789 | Gauntlet | Found a transporter.
 25797 | Gauntlet | Found a transporter.
 26219 | Gauntlet | Identified the ring of Xom's Whimsicality {rC- Will+ MP+9
                  | SInv}
 26253 | Gauntlet | Identified the +8 war axe "Loopy" {freeze, rElec Str+3
                  | Int+5 Dex-3}
 26353 | Lair:4   | Noticed Urug
 26748 | Lair:4   | Killed Urug
 27011 | Lair:4   | Offered knowledge of Starburst by Vehumet.
 27324 | Lair:5   | Entered Level 5 of the Lair of Beasts
 27324 | Lair:5   | Found a staircase to the Slime Pits.
 28298 | Lair:5   | Identified the ring of Naotoxun {Drain MP+9 Int+5}
 28458 | Lair:5   | Reached XP level 16. HP: 107/125 MP: 15/30
 29287 | D:13     | Noticed a storm dragon
 29533 | D:13     | Killed a storm dragon
 29738 | D:13     | Identified the +0 scale mail of Good Intentions {Rampage
                  | rF+}
 29746 | D:13     | Identified the ring of Abaill {AC+4 Str+3}
 30387 | D:14     | Offered knowledge of Conjure Ball Lightning by Vehumet.
 30888 | D:14     | Found a gate to the Vaults.
 30930 | D:14     | Identified the +1 glaive "Weisudd" {holy, Fly Int-2 Dex+3}
 31254 | D:15     | Entered Level 15 of the Dungeon
 31283 | D:15     | Identified the +1 great sword "Arumumus" {freeze, rF- rCorr
                  | SInv Stlth+}
 31516 | D:15     | Found a staircase to the Depths.
 31608 | D:15     | Reached ****** piety under Vehumet
 32720 | Swamp:1  | Entered Level 1 of the Swamp
 34049 | Swamp:1  | Reached XP level 17. HP: 89/133 MP: 32/32
 34636 | Swamp:2  | Learned a level 2 spell: Blink
 35637 | Swamp:3  | Reached skill level 10 in Conjurations
 35637 | Swamp:3  | Reached skill level 10 in Hexes
 35637 | Swamp:3  | Reached skill level 10 in Summonings
 35637 | Swamp:3  | Reached skill level 10 in Necromancy
 35637 | Swamp:3  | Reached skill level 10 in Translocations
 35637 | Swamp:3  | Reached skill level 10 in Transmutations
 35637 | Swamp:3  | Reached skill level 10 in Fire Magic
 35637 | Swamp:3  | Reached skill level 10 in Ice Magic
 35637 | Swamp:3  | Reached skill level 10 in Air Magic
 35637 | Swamp:3  | Reached skill level 10 in Earth Magic
 35637 | Swamp:3  | Reached skill level 10 in Poison Magic
 35637 | Swamp:3  | Reached skill level 10 in Shapeshifting
 36170 | Swamp:3  | Offered knowledge of Freezing Cloud by Vehumet.
 36576 | Swamp:3  | Learned a level 5 spell: Freezing Cloud
 36602 | Swamp:4  | Entered Level 4 of the Swamp
 36772 | Swamp:4  | Got the Codex of the Frore Bane
 36777 | Swamp:4  | Learned a level 3 spell: Mephitic Cloud
 37207 | Swamp:4  | Noticed the 27-headed Lernaean hydra
 37358 | Swamp:4  | Killed the 26-headed Lernaean hydra
 37552 | Swamp:4  | Got a decaying rune of Zot
 38204 | Snake:1  | Entered Level 1 of the Snake Pit
 38218 | Snake:1  | Reached XP level 18. HP: 123/141 MP: 29/34
 39158 | Snake:2  | Learned a level 7 spell: Ozocubu's Refrigeration
 40217 | Snake:3  | Reached skill level 15 in Short Blades
 40331 | Snake:3  | Offered knowledge of Lehudib's Crystal Spear by Vehumet.
 40462 | Snake:3  | Found a flickering gateway to a bazaar.
 40468 | Bazaar   | Entered a bazaar
 40468 | Bazaar   | Found Niydy's Jewellery Emporium.
 40474 | Bazaar   | Found Zada's Armour Emporium.
 40490 | Bazaar   | Found Dofoufikk's Jewellery Shoppe.
 40495 | Bazaar   | Bought a ring of the Octopus King {Wiz HP+2 AC+2 EV+2 SH+2}
                  | for 929 gold pieces
 40495 | Bazaar   | Found the ring of the Octopus King {Wiz HP+2 AC+2 EV+2
                  | SH+2}
 40500 | Bazaar   | Found Ydocran's Armour Emporium.
 40556 | Bazaar   | Bought the ring of Ugratuen {rPois rF+ Will+ Dex+5} for 801
                  | gold pieces
 41270 | Snake:4  | Entered Level 4 of the Snake Pit
 42031 | Snake:4  | Reached XP level 19. HP: 149/149 MP: 18/36
 42790 | Snake:4  | Offered knowledge of Shatter by Vehumet.
 42790 | Snake:4  | Offered knowledge of Chain Lightning by Vehumet.
 42790 | Snake:4  | Offered knowledge of Polar Vortex by Vehumet.
 42828 | Snake:4  | Got a serpentine rune of Zot
 43233 | Vaults:1 | Entered Level 1 of the Vaults
 43593 | Vaults:1 | Gained mutation: You are dopey. (Int -2) [mutagenic glow]
 43816 | Vaults:1 | Found Binos's Book Shop.
 44815 | Vaults:1 | Reached skill level 15 in Maces & Flails
 45067 | Vaults:2 | Reached XP level 20. HP: 126/158 MP: 23/37
 45072 | Vaults:2 | HP: 3/160 [vault guard/+0 war axe[a vault warden] (33)]
 45075 | Vaults:2 | Slain by a vault guard

Illustrated notes

Levels and vault maps discovered:
D:1:      minmay_arrival_four_loops, layout_basic,
          hellmonk_ecumenical_altar_slurped_away
D:2:      layout_basic, nicolae_concentric_dashed_squares_wild,
          wad_floor_pattern_2, uniq_sigmund
D:3:      layout_loops_corners, tgw_kikubaaqudgha,
          nicolae_elevator_lobby_asterisk
D:4:      layout_basic, fiery_altar_vehumet, nicolae_ru_awakened_eye
D:5:      layout_cave_pools, mainiacjoe_overflow_swirl,
          nicolae_overflow_hidden_temple
D:6:      layout_cave_pools, mainiacjoe_overflow_surrounded_room,
          mainiacjoe_overflow_24_doors, nicolae_shop_clearance
D:7:      layout_loops_ring, fedhas_bush_and_centaur_altar, led_sif_book,
          tso_metal_star, minmay_temple_entry_enclosed_plants, uniq_maggie
D:8:      layout_loops_ring, mainiacjoe_overflow_concentric_impassable
D:9:      layout_loops_ring, mainiacjoe_overflow_small_starburst,
          nzn_hepliaklqana_mist_gate, orc_0_dummy, uniq_erica
D:10:     layout_roguey [special_room_kobold], nicolae_benzene_ring, uniq_joseph
D:11:     layout_irregular_city, uniq_nergalle
D:12:     layout_loops_cross, uniq_erolcha, uniq_snorg
D:13:     layout_roguey, kennysheep_nub, minmay_diamond_spiral
D:14:     layout_irregular_city, ximxim_vaults_locker_room, nrook_campfire
D:15:     hangedman_depths_entry_try_elsewhere_first, layout_gridville,
          lightli_fourway_metalbox
Temple:   hellmonk_temple_micro_hex
Lair:1:   layout_loops_ring, beast_lair_carwin_2
Lair:2:   layout_gridlike, uniq_gastronok
Lair:3:   layout_long_grid, skrybe_swamp_entry_bodies,
          alex1729_snake_entry_snake, uniq_rupert, uniq_nessos, uniq_amaemon
Lair:4:   layout_loops_ring, gauntlet_entry_generic, st_stairs_12, uniq_urug
Lair:5:   hangedman_lair_in_review, layout_regular_city, slime_entry_1,
          serial_bayou_shore_a
Swamp:1:  layout_falls_marsh, hangedman_swamp_diagram, swamp_pool1
Swamp:2:  nicolae_swamp_standing_stones, layout_falls_marsh,
          evilmike_swamp_ruin_rubble_1
Swamp:3:  layout_falls_marsh, evilmike_swamp_ruin_house_3, swamp_pool2
Swamp:4:  swamp_old_school, layout_basic_swamp
Snake:1:  layout_misc_corridors
Snake:2:  layout_layer_cave, serial_bayou_shore_b
Snake:3:  layout_grid_shapes, serial_shops, bzr_entry_dummy,
          nicolae_snake_herptile_family_reunion
Snake:4:  snake_pit, layout_rooms, beargit_elvish_explorers
Orc:1:    giant_chief_lemuel, layout_diamond_mine,
          gammafunk_ghost_fury_of_okawaru, rock_pile
Orc:2:    st_orc_pillars, layout_diamond_mine, portal_ice_cave_entry_pillars_1,
          basic_altar, minmay_orc_treasury, uniq_sonja
Vaults:1: vaults_mumra_minichess, nicolae_vaults_border_crossing,
          nicolae_vaults_tetromino_L_2, nicolae_vaults_shock_wave, v_misc_27,
          serial_ice_b, v_misc_14, nicolae_vaults_house_2, vaults_dpeg_spiral,
          vaults_room_stairs_pillars, hangedman_vaults_nails,
          vaults_mumra_minichess_inversion, layout_vaults_big_room,
          serial_shops, shop
Vaults:2: nicolae_vaults_big_angled_halls, vaults_mumra_lcd,
          nicolae_vaults_double_plus_2, v_alt_pattern_1, ontoclasm_vaults_fault,
          vaults_mumra_hexcomb, nicolae_vaults_layer_cake_slice,
          nicolae_vaults_closet_pinwheel_6, nicolae_vaults_storage_closets_1,
          ontoclasm_vaults_idyll, nicolae_vaults_gold_heap,
          layout_vaults_omnigrid, uniq_margery, uniq_xtahua

Skill      XL: |  1  2  3  4  5  6  7  8  9 10 11 12 13 14 15 16 17 18 19 |
---------------+----------------------------------------------------------+-----
Invocations    | 1 2 3 4 5 6 7 8 9 10 11 12 13 14 | 14.8
Long Blades    | 1 2 3 4 5 6 8 9 10 11 12 13 | 13.7
Axes           | 1 2 3 4 5 6 8 9 10 11 12 13 | 13.7
Polearms       | 1 2 3 4 5 6 8 9 10 11 12 13 | 13.7
Staves         | 1 2 3 4 5 6 8 9 10 11 12 13 | 13.7
Ranged Weapons | 1 2 3 4 5 6 8 9 10 11 12 13 | 13.9
Throwing       | 1 2 3 4 5 6 8 9 10 11 12 13 | 13.7
Stealth        | 1 2 3 4 5 6 8 9 10 11 12 13 | 13.7
Shields        | 1 2 3 4 5 6 8 9 10 11 12 13 | 13.7
Unarmed Combat | 1 2 3 4 5 6 8 9 10 11 12 13 | 13.7
Spellcasting   | 1 2 3 4 5 6 8 9 10 11 12 13 | 13.7
Evocations     | 1 2 3 4 5 6 8 9 10 11 12 13 | 13.7
Fighting       | 3 4 5 6 7 8 9 10 11 12 13 | 13.9
Armour         | 3 4 5 6 7 8 9 10 11 12 13 | 13.9
Dodging        | 3 4 5 6 7 8 9 10 11 12 13 | 13.9
Conjurations   | 1 2 3 4 5 6 7 8 9 10 11 | 11.6
Hexes          | 1 2 3 4 5 6 7 8 9 10 11 | 11.6
Summonings     | 1 2 3 4 5 6 7 8 9 10 11 | 11.6
Necromancy     | 1 2 3 4 5 6 7 8 9 10 11 | 11.6
Translocations | 1 2 3 4 5 6 7 8 9 10 11 | 11.6
Transmutations | 1 2 3 4 5 6 7 8 9 10 11 | 11.6
Fire Magic     | 1 2 3 4 5 6 7 8 9 10 11 | 11.6
Ice Magic      | 1 2 3 4 5 6 7 8 9 10 11 | 11.6
Air Magic      | 1 2 3 4 5 6 7 8 9 10 11 | 11.6
Earth Magic    | 1 2 3 4 5 6 7 8 9 10 11 | 11.6
Poison Magic   | 1 2 3 4 5 6 7 8 9 10 11 | 11.6
Shapeshifting  | 1 2 3 4 5 6 7 8 9 10 11 | 11.6
Maces & Flails | 7 8 9 10 11 12 13 14 15 | 15.0
Short Blades   | 9 10 11 12 13 14 15 | 15.8

Action                     |  1- 3 |  4- 6 |  7- 9 | 10-12 | 13-15 | 16-18 | 19-21 || total
---------------------------+-------+-------+-------+-------+-------+-------+-------++-------
  Melee: Short sword       |     9 |       |       |       |       |       |       ||     9
         Dagger            |   100 |   149 |   358 |   979 |  1547 |   890 |       ||  4023
         Bite              |    11 |    11 |    45 |   150 |   306 |   230 |    73 ||   826
         Punch             |     2 |     1 |    12 |    62 |   162 |    33 |       ||   272
         Scimitar          |       |       |       |       |       |   485 |   378 ||   863
  Throw: Dart              |       |       |       |     2 |       |       |       ||     2
   Cast: Sandblast         |       |       |       |    26 |     6 |     9 |     1 ||    42
         Fireball          |       |       |       |    45 |    65 |   120 |     1 ||   231
         Iskenderun's Myst |       |       |       |     9 |     6 |     4 |       ||    19
         Olgreb's Toxic Ra |       |       |       |    13 |   140 |    45 |    19 ||   217
         Irradiate         |       |       |       |       |    29 |    60 |    17 ||   106
         Freezing Cloud    |       |       |       |       |       |    47 |    46 ||    93
         Lee's Rapid Decon |       |       |       |       |       |     2 |     1 ||     3
         Ozocubu's Refrige |       |       |       |       |       |    14 |     9 ||    23
         Blink             |       |       |       |       |       |     3 |       ||     3
         Mephitic Cloud    |       |       |       |       |       |       |     1 ||     1
  Evoke: Wand              |       |       |     6 |    26 |     9 |     6 |       ||    47
         Phantom mirror    |       |       |       |       |     1 |       |       ||     1
    Use: Potion            |       |       |     9 |     6 |     2 |     1 |     5 ||    23
         Scroll            |       |       |     1 |     1 |    22 |    17 |     4 ||    45
   Stab: Sleeping          |       |     3 |     3 |     6 |    12 |    30 |     4 ||    58
         Distracted        |       |       |       |     1 |     3 |     3 |     1 ||     8
         Paralysed         |       |       |       |       |     1 |     1 |       ||     2
 Armour: Ring mail         |    22 |    24 |    53 |       |       |       |       ||    99
         Leather armour    |       |       |    21 |   129 |   209 |   180 |    70 ||   609
  Dodge: Dodged            |    61 |    45 |   170 |   489 |  1164 |  1013 |   247 ||  3189
  Block: Buckler           |       |       |       |       |       |   464 |   214 ||   678

Table legend: (Time is in decaauts)
 A = Elapsed time spent in this place.
 B = Non-inter-level travel time spent in this place.
 C = Inter-level travel time spent in this place.
 D = Time resting spent in this place.
 E = Time spent auto-exploring this place.
 F = Levels seen in this place.
 G = Mean time per level.
                   A        B        C        D        E       F      G
               +--------+--------+--------+--------+--------+-----+--------+
         Total |  43450 |  40633 |   2817 |   5473 |  24870 |  36 | 1206.9 |
       Dungeon |  19789 |  18659 |   1130 |   2409 |  12817 |  15 | 1319.3 |
        Temple |      1 |      1 |      0 |      0 |      0 |   1 |    1.0 |
          Lair |   7381 |   6377 |   1004 |    591 |   3889 |   5 | 1476.2 |
         Swamp |   5104 |   4835 |    269 |    961 |   2756 |   4 | 1276.0 |
     Snake Pit |   4338 |   4208 |    130 |    615 |   2107 |   4 | 1084.5 |
  Orcish Mines |   3841 |   3563 |    278 |    502 |   1919 |   2 | 1920.5 |
        Vaults |   1711 |   1709 |      2 |    262 |    950 |   2 |  855.5 |
        Bazaar |    102 |    102 |      0 |      0 |     70 |   1 |  102.0 |
      Ice Cave |    675 |    675 |      0 |    129 |    193 |   1 |  675.0 |
      Gauntlet |    505 |    505 |      0 |      3 |    168 |   1 |  505.0 |
               +--------+--------+--------+--------+--------+-----+--------+

Top non-repeatable levels by time:
    D:10: 2448 daAuts
    D:12: 2442 daAuts
   Orc:2: 1997 daAuts
  Lair:3: 1851 daAuts
   Orc:1: 1844 daAuts
  Lair:1: 1760 daAuts
Vaults:1: 1681 daAuts
     D:8: 1658 daAuts
     D:9: 1631 daAuts
 Snake:4: 1561 daAuts
    D:11: 1495 daAuts
  Lair:5: 1490 daAuts
 Swamp:4: 1407 daAuts
 Swamp:2: 1292 daAuts
  Lair:2: 1286 daAuts
